 Dungeon Crawl Stone Soup version 0.32-a0-900-g30fb1b0edc (webtiles) character file.

Game seed: 12880136099149333641

55699 BubbleThief the Fighter (level 14, -5/145 HPs)
             Began as a Naga Alchemist on Apr 5, 2024.
             Was the Champion of Cheibriados.
             Slain by a dire elephant zombie (20 damage)
             ... on level 5 of the Lair of Beasts.
             The game lasted 00:42:24 (17531 turns).

BubbleThief the Fighter (Naga Alchemist)           Turns: 17531, Time: 00:42:24

Health: -5/145     AC: 16    Str: 27    XL:     14   Next: 78%
Magic:  13/28      EV:  9    Int: 43    God:    Cheibriados [******]
Gold:   424        SH:  0    Dex: 26    Spells: 21/33 levels left

rFire   . . .        e - -1 quick blade
rCold   + . .        (no shield)
rNeg    . . .        x - +2 robe {rC+}
rPois   +            l - +3 crown of Dyrovepreva {rElec Int+2 SInv}
rElec   +            I - +2 cloak
rCorr   .            B - +2 pair of gloves
SInv    +            (no barding)
Will    ++...        (no amulet)
Stlth   +++          h - +6 ring of intelligence
HPRegen 0.44/turn    n - ring of willpower
MPRegen 0.21/turn

%: no passive effects
@: very slow
A: AC +4, large, see invisible, deformed body, poison resistance, slowness 2,
spit poison 1, naga tail 2
a: Spit Poison, Renounce Religion, Bend Time, Temporal Distortion, Slouch, Step
From Time


You were on level 5 of the Lair of Beasts.
You worshipped Cheibriados.
Cheibriados was exalted by your worship.
You visited 2 branches of the dungeon, and saw 16 of its levels.

You collected 1175 gold pieces.
You spent 751 gold pieces at shops.

Inventory:

Hand Weapons
 e - a -1 quick blade (weapon)
 f - a +1 short sword of freezing
 s - a +7 flail
 E - a +2 falchion of holy wrath
 G - a +5 battleaxe
Missiles
 c - 5 throwing nets
Armour
 l - the +3 crown of Dyrovepreva (worn) {rElec Int+2 SInv}
   (You bought it in a shop on level 10 of the Dungeon)

   Int+2:     It affects your intelligence (+2).
   rElec:     It insulates you from electricity.
   SInv:      It lets you see invisible.
 o - a scarf of invisibility
 x - a +2 robe of cold resistance (worn)
 B - a +2 pair of gloves (worn)
 I - a +2 cloak (worn)
Jewellery
 h - a +6 ring of intelligence (left hand)
 k - a ring of flight
 n - a ring of willpower (right hand)
 F - a ring of protection from cold
 L - a ring of wizardry
 Q - a ring of protection from fire
Wands
 a - a wand of flame (36)
 r - a wand of acid (18)
 w - a wand of warping (9)
 C - a wand of polymorph (5)
 D - a wand of charming (12)
 O - a wand of mindburst (8)
Scrolls
 i - 3 scrolls of identify
 m - 4 scrolls of teleportation
 t - 2 scrolls of poison
 v - a scroll of enchant armour
 y - a scroll of immolation
 A - 2 scrolls of fear
 H - 2 scrolls of revelation
 P - a scroll of silence
 R - a scroll of blinking
Potions
 b - a potion of magic
 d - a potion of berserk rage
 g - 5 potions of mutation
 j - 3 potions of heal wounds
 p - 4 potions of resistance
 q - 3 potions of cancellation
 u - a potion of ambrosia
 z - 2 potions of attraction
 J - a potion of curing
 M - a potion of enlightenment
 N - a potion of might
Miscellaneous
 S - a tin of tremorstones (2/2)


   Skills:
 + Level 14.9 Fighting
 + Level 10.3 Short Blades
 - Level 1.5 Dodging
 - Level 3.0 Stealth
 - Level 10.2 Spellcasting
 - Level 1.0 Conjurations
 - Level 9.0 Fire Magic
 - Level 9.0 Alchemy
 - Level 10.5 Invocations


You had 21 spell levels left.
You knew the following spells:

 Your Spells              Type           Power      Damage    Failure   Level
a - Sting                 Conj/Alch      100%       1d9       1%          1
b - Mephitic Cloud        Conj/Alch/Air  50%        N/A       1%          3
c - Olgreb's Toxic Radia  Alch           79%        N/A       1%          4
d - Sticky Flame          Fire/Alch      79%        2d12      1%          4

Your spell library contained the following spells:

 Spells                   Type           Power      Damage    Failure   Level
 Kiss of Death            Conj/Necr      100%       2d13      1%          1
 Mercury Vapours          Alch/Air       100%       N/A       1%          2
 Momentum Strike          Conj/Tloc      52%        3d9       1%          2
 Volatile Blastmotes      Fire/Tloc      100%       2d18      1%          3
 Blink                    Tloc           44%        N/A       2%          2
 Ensorcelled Hibernation  Hex/Ice        44%        N/A       2%          2
 Lesser Beckoning         Tloc           44%        N/A       2%          2
 Confusing Touch          Hex            22%        N/A       4%          3
 Fugue of the Fallen      Necr           22%        N/A       4%          3
 Maxwell's Portable Pile  Tloc           22%        2d(7-20)  4%          3
 Passwall                 Erth           22%        N/A       4%          3
 Swiftness                Air            22%        N/A       4%          3
 Anguish                  Hex/Necr       11%        N/A       14%         4
 Dispel Undead            Necr           22%        3d12      14%         4
 Vhi's Electric Charge    Tloc/Air       44%        N/A       14%         4
 Arcjolt                  Conj/Air       13%        1d23      32%         5
 Bombard                  Conj/Erth      13%        9d3       87%         6
 Maxwell's Capacitive Co  Air            11%        ∞         100%        8


Dungeon Overview and Level Annotations

Branches:
Dungeon (11/15)            Temple (0/1) D:6            Lair (5/5) D:10
  Swamp (0/4) Lair:2       Spider (0/4) Lair:2        Slime (0/5) Lair:4
    Orc: D:9-12

Altars:
Ashenzari
Cheibriados
Dithmenos
Hepliaklqana
Kikubaaqudgha
Makhleb
Qazlal
Sif Muna
Trog
Wu Jian
Xom
Yredelemnul
The Shining One
Jiyva

Shops:
D:9 *   D:10 [

Annotations:
D:10 3 runed translucent doors, exclusion: obsidian statue


Innate Abilities, Weirdness & Mutations

Your serpentine skin is tough. (AC +4)
You have supernaturally acute eyesight. (SInv)
Armour fits poorly on your strangely shaped body.
Your system is resistant to poisons. (rPois)
You cover ground very slowly.
You can spit poison.
You can use your snake-like lower body to constrict enemies.


Message History

The dire elephant zombie burns!
Unknown command.
Unknown command.
You hit the dire elephant zombie but do no damage. x2
The dire elephant zombie is heavily damaged.
The dire elephant zombie tramples you!
You hold your ground!
The dire elephant zombie closely misses you.
Unknown command.
You hit the dire elephant zombie but do no damage.
You hit the dire elephant zombie.
The dire elephant zombie is heavily damaged.
The dire elephant zombie burns!
The dire elephant zombie tramples you!!
* * * LOW HITPOINT WARNING * * *
You hold your ground!
The dire elephant zombie trunk-slaps you.
* * * LOW HITPOINT WARNING * * *
Activating: Slouch (1% risk of failure)
Press: ? - help, Dir - look around, f - activate You can feel time thicken for a moment.
The dire elephant zombie burns!
Unknown command.
Unknown command.
Unknown command.
The flow of time bends around you.
Cheibriados rebukes the dire elephant zombie.
The dire elephant zombie seems to slow down.
The dire elephant zombie burns!
The dire elephant zombie tramples you!
* * * LOW HITPOINT WARNING * * *
You hold your ground!
The dire elephant zombie trunk-slaps you.
* * * LOW HITPOINT WARNING * * *
You hit the dire elephant zombie but do no damage.
You hit the dire elephant zombie.
The dire elephant zombie is almost destroyed.
The dire elephant zombie burns!
Unknown command.
You hit the dire elephant zombie but do no damage. x2
The dire elephant zombie is almost destroyed.
The dire elephant zombie tramples you!!
You die...
Cheibriados appreciates the motionlessness of death.

###ßP⌠Pß ###♣♣# ........
##P...♣##
..♣########'''########♣P..#..P♣
#.....#.....†...........P#.##..
#......................P######
#.....................##
###..##.....[.......#..##
..#.....##...P..ZP...#####
....<....#.#...#@##.#.#
.............#.#####.##
......#P.##..### ###
....P....##### .........#####
.......##.##.# .......##....#
............######
........#......#.# ###


You could see a dire elephant zombie (burning, slow).

Vanquished Creatures
  Harold (D:9)
  7 hydras
  2 boulder beetles
  15 death yaks
  Pikel (D:5)
  5 black mambas
  14 elephants
  12 cane toads
  A torpor snail (Lair:5)
  4 rime drakes
  10 komodo dragons
  A troll (D:10)
  2 polar bears
  17 blink frogs
  13 dream sheep
  4 culicivoras (Lair:2)
  A spriggan (Lair:1)
  A vampire (D:6)
  7 wyverns
  68 yaks
  Eustachio (D:4)
  A basilisk (Lair:4)
  2 steam dragons
  Edmund (D:5)
  An acid dragon (D:9)
  11 water moccasins
  Duvessa (D:5)
  3 black bears
  An orc warrior (D:10)
  7 ice beasts
  An ogre (D:5)
  4 centaurs
  13 wolves (Lair:1)
  4 lemures (D:5)
  A phantom (D:5)
  2 kobold brigands
  6 bullfrogs
  2 scorpions
  21 wights
  Dowan (D:5)
  41 killer bees
  An electric eel (Lair:4)
  10 howler monkeys
  3 hounds
  2 orc priests (D:10)
  2 sleepcaps
  5 iguanas
  6 hell rats (Lair:5)
  11 orc wizards
  3 gnolls (D:4)
  7 adders
  A shadow imp (D:7)
  3 white imps
  2 ufetubi (D:7)
  A ribbon worm (D:4)
  25 orcs
  8 ball pythons
  5 endoplasms
  2 giant cockroaches
  3 goblins
  6 hobgoblins
  7 jackals
  A quokka (D:1)
  4 bats
  2 frilled lizards (D:1)
  16 kobolds
  5 rats
452 creatures vanquished.

Notes
Turn   | Place    | Note
-------+----------+-------------------------------------------
     0 | D:1      | BubbleThief the Naga Alchemist began the quest for the Orb.
     0 | D:1      | Reached XP level 1. HP: 15/15 MP: 3/3
   164 | D:1      | Reached XP level 2. HP: 19/22 MP: 3/5
  1046 | D:1      | Reached XP level 3. HP: 28/28 MP: 4/6
  1050 | D:1      | Learned a level 3 spell: Mephitic Cloud
  1637 | D:2      | Reached skill level 5 in Alchemy
  2079 | D:3      | Found a faded altar of an unknown god.
  2423 | D:3      | Reached XP level 4. HP: 18/36 MP: 2/8
  2502 | D:3      | Learned a level 4 spell: Olgreb's Toxic Radiance
  2602 | D:3      | Found a stormy altar of Qazlal.
  2780 | D:4      | Reached XP level 5. HP: 42/42 MP: 3/9
  2973 | D:4      | Noticed Eustachio
  2986 | D:4      | Killed Eustachio
  2987 | D:4      | Reached XP level 6. HP: 45/49 MP: 1/11
  3571 | D:4      | Reached skill level 1 in Fighting
  3571 | D:4      | Reached XP level 7. HP: 57/57 MP: 7/13
  3576 | D:4      | Learned a level 4 spell: Sticky Flame
  3652 | D:4      | Found a snail-covered altar of Cheibriados.
  3653 | D:4      | Found a shadowy altar of Dithmenos.
  3654 | D:4      | Found a bloodstained altar of Trog.
  3655 | D:4      | Found an ornate altar of the Wu Jian Council.
  3655 | D:4      | Found a basalt altar of Yredelemnul.
  3657 | D:4      | Found a shimmering altar of Xom.
  3658 | D:4      | Found a hazy altar of Hepliaklqana.
  3661 | D:4      | Became a worshipper of Cheibriados the Contemplative
  3687 | D:5      | Entered Level 5 of the Dungeon
  3803 | D:5      | Reached skill level 1 in Fire Magic
  3852 | D:5      | Found a broken altar of Ashenzari.
  3855 | D:5      | Found an ancient bone altar of Kikubaaqudgha.
  3858 | D:5      | Found a shimmering blue altar of Sif Muna.
  3906 | D:5      | Reached skill level 2 in Fighting
  3948 | D:5      | Noticed Pikel
  3958 | D:5      | Killed Pikel
  3959 | D:5      | Reached skill level 3 in Fighting
  3959 | D:5      | Reached skill level 5 in Spellcasting
  3959 | D:5      | Reached XP level 8. HP: 63/70 MP: 1/15
  4087 | D:5      | Reached skill level 4 in Fighting
  4418 | D:5      | Found a glowing golden altar of the Shining One.
  4537 | D:5      | Noticed Edmund
  4542 | D:5      | Noticed Duvessa
  4543 | D:5      | Noticed Dowan
  4546 | D:5      | Killed Edmund
  4547 | D:5      | Reached skill level 5 in Fighting
  4547 | D:5      | Reached XP level 9. HP: 74/81 MP: 2/18
  4553 | D:5      | Killed Duvessa
  4554 | D:5      | Killed Dowan
  4554 | D:5      | Reached * piety under Cheibriados
  4921 | D:5      | Reached skill level 5 in Fire Magic
  5528 | D:6      | Found a staircase to the Ecumenical Temple.
  5548 | D:6      | Reached skill level 6 in Fighting
  5653 | D:6      | Found a transporter.
  5665 | D:6      | Found a transporter.
  6225 | D:7      | Found a burning altar of Makhleb.
  6257 | D:7      | Reached ** piety under Cheibriados
  6433 | D:7      | Reached XP level 10. HP: 92/92 MP: 16/21
  6437 | D:7      | Reached skill level 7 in Fighting
  7171 | D:8      | Reached *** piety under Cheibriados
  7343 | D:8      | Reached skill level 8 in Fighting
  7995 | D:9      | Reached XP level 11. HP: 98/104 MP: 11/23
  8004 | D:9      | Reached skill level 9 in Fighting
  8009 | D:9      | Reached **** piety under Cheibriados
  8498 | D:9      | Found Jommemut's Lightly-Used Armoury.
  8501 | D:9      | Noticed Harold
  8515 | D:9      | Killed Harold
  8521 | D:9      | Bought a -1 quick blade for 130 gold pieces
  9096 | D:10     | Entered Level 10 of the Dungeon
  9096 | D:10     | Found a staircase to the Lair.
  9103 | D:10     | Reached ***** piety under Cheibriados
  9302 | D:10     | Identified the +2 hand axe of Koibe Ces {flame, rCorr Int+3
                  | Dex+4}
  9309 | D:10     | Reached skill level 10 in Fighting
  9319 | D:10     | Reached skill level 10 in Spellcasting
  9400 | D:10     | Found a runed translucent door.
  9411 | D:10     | Found a runed translucent door.
  9735 | D:10     | Found Nemep's Armour Shoppe.
  9740 | D:10     | Bought the +3 crown of Dyrovepreva {rElec Int+2 SInv} for
                  | 621 gold pieces
  9740 | D:10     | Found the +3 crown of Dyrovepreva {rElec Int+2 SInv}
  9920 | D:10     | Found a runed translucent door.
  9934 | D:10     | Found a runed translucent door.
  9938 | D:10     | Noticed an obsidian statue
 10080 | Lair:1   | Entered Level 1 of the Lair of Beasts
 10143 | Lair:1   | Reached XP level 12. HP: 95/117 MP: 18/26
 10293 | Lair:1   | Reached skill level 5 in Invocations
 10540 | Lair:1   | Noticed a death yak
 10540 | Lair:1   | Noticed a death yak
 10541 | Lair:1   | Noticed a death yak
 10542 | Lair:1   | Noticed a death yak
 10543 | Lair:1   | Noticed a death yak
 10544 | Lair:1   | Noticed a death yak
 10548 | Lair:1   | Reached ****** piety under Cheibriados
 10550 | Lair:1   | Killed a death yak
 10550 | Lair:1   | Killed a death yak
 10551 | Lair:1   | Killed a death yak
 10551 | Lair:1   | Killed a death yak
 10551 | Lair:1   | Killed a death yak
 10552 | Lair:1   | Killed a death yak
 10553 | Lair:1   | Reached skill level 10 in Invocations
 11218 | Lair:1   | Identified the amulet "Xinoj" {Acrobat Rampage rF- Str-3
                  | Dex+7}
 11323 | Lair:1   | Noticed a boulder beetle
 11328 | Lair:1   | Killed a boulder beetle
 11329 | Lair:1   | Reached skill level 11 in Fighting
 11338 | Lair:1   | Gained mutation: You can use your snake-like lower body to
                  | constrict enemies. [Naga growth]
 11338 | Lair:1   | Reached XP level 13. HP: 114/127 MP: 9/27
 11500 | Lair:2   | Reached skill level 1 in Short Blades
 12158 | Lair:2   | Found a hole to the Spider Nest.
 12267 | Lair:2   | Reached skill level 12 in Fighting
 12831 | Lair:2   | Found a staircase to the Swamp.
 13548 | Lair:3   | Reached skill level 5 in Short Blades
 14579 | Lair:3   | Reached skill level 13 in Fighting
 15226 | Lair:4   | Reached XP level 14. HP: 38/141 MP: 3/28
 15701 | Lair:4   | Found a staircase to the Slime Pits.
 15702 | Lair:4   | Found a viscous altar of Jiyva.
 16217 | Lair:5   | Entered Level 5 of the Lair of Beasts
 16479 | Lair:5   | Reached skill level 14 in Fighting
 16935 | Lair:5   | Reached skill level 10 in Short Blades
 17504 | Lair:5   | Noticed a dire elephant
 17531 | Lair:5   | Slain by a dire elephant zombie

Illustrated notes

Levels and vault maps discovered:
D:1:      scummos_arrival_forest, layout_basic, serial_co_window_serial,
          co_window_paths_a, co_window_of_opportunity_a,
          co_window_of_opportunity_a, co_window_paths_b, co_window_paths_b,
          co_window_2corner, co_window_corner_ca, co_window_unsneaky_path_c,
          co_window_corner_cb, co_window_2corner, co_window_4corner_b,
          co_window_4corner_a
D:2:      layout_loops_cross
D:3:      layout_basic, lemuel_coloured_pillars_altar,
          shapermc_ecumenical_altar_acropolis
D:4:      layout_basic, grunt_temple_overflow_open, uniq_eustachio
D:5:      layout_basic, grunt_temple_overflow_diamond,
          nicolae_overflow_crystal_walls, minmay_misc_feat_nine_boxes,
          uniq_edmund, uniq_duvessa, uniq_pikel
D:6:      gammafunk_cloud_chamber, layout_cave_pools,
          minmay_temple_entry_antechambers
D:7:      layout_cave_pods, makhleb_heckhound_becter, serial_column_ruins,
          column_ruins_grid_1, column_ruins_open_small, column_ruins_grid_2,
          column_ruins_open_tiny, column_ruins_columns_straight,
          column_ruins_open_medium
D:8:      layout_loops_ring
D:9:      layout_long_grid, minmay_shop_damaged, uniq_harold
D:10:     nicolae_cairo_tiling_large, layout_irregular_city, david_lair_generic,
          serial_shops, nicolae_shop_real_fake_doors, hangedman_decor_riveting,
          minmay_statue_crystal_thing
D:11:     layout_loops_ring
Lair:1:   layout_gridlike, wad_woods_03
Lair:2:   wad_woods_minihive, layout_regular_city, swamp_mist_pool,
          hellmonk_spider_entry_life_and_decay, serial_bayou_shore_a
Lair:3:   layout_loops_ring, serial_forest, infiniplex_forest_clump_medium,
          infiniplex_forest_clump_C, infiniplex_forest_lined_room_3,
          infiniplex_forest_clump_double, infiniplex_forest_straight_2,
          infiniplex_forest_clump_C, infiniplex_forest_split,
          infiniplex_forest_fountain, pdpol_lair_neglected_garden,
          columned_hall_lemuel
Lair:4:   layout_regular_city, dpeg_slime_entry_corner, lemuel_fruit_tree,
          infiniplex_staircase_pool
Lair:5:   due_jungle_book, layout_misc_corridors,
          chequers_serial_rivers_small_b, serial_bayou_pond_d

Skill      XL: |  1  2  3  4  5  6  7  8  9 10 11 12 13 14 |
---------------+-------------------------------------------+-----
Alchemy        | 4 5 7 8 9 |  9.0
Spellcasting   | 3 4 5 6 7 8 10 | 10.2
Fighting       | 1 3 5 6 8 10 11 13 14 | 14.9
Fire Magic     | 3 4 6 8 9 |  9.0
Invocations    | 2 10 | 10.5
Short Blades   | 7 10 | 10.3
Dodging        | |  1.5
Stealth        | |  3.0
Conjurations   | |  1.0

Action                     |  1- 3 |  4- 6 |  7- 9 | 10-12 | 13-15 || total
---------------------------+-------+-------+-------+-------+-------++-------
  Melee: Unarmed           |     4 |       |       |       |       ||     4
         Short sword       |     5 |    16 |       |       |       ||    21
         Flail             |       |     5 |    40 |       |     9 ||    54
         Battleaxe         |       |       |       |   139 |    22 ||   161
         Quick blade       |       |       |       |       |   375 ||   375
         Constrict         |       |       |       |       |    71 ||    71
   Cast: Sting             |    40 |    17 |    13 |    12 |    25 ||   107
         Olgreb's Toxic Ra |       |     7 |    13 |    46 |    58 ||   124
         Mephitic Cloud    |       |     1 |     2 |    11 |     8 ||    22
         Sticky Flame      |       |       |    25 |    34 |    42 ||   101
 Invoke: Slouch            |       |       |       |     1 |     6 ||     7
         Bend Time         |       |       |       |       |     2 ||     2
Ability: Spit Poison       |    34 |    20 |    13 |    22 |    32 ||   121
  Evoke: Wand              |       |       |     1 |     2 |       ||     3
    Use: Scroll            |       |       |       |    19 |     5 ||    24
   Stab: Confused          |       |       |     1 |     6 |     9 ||    16
         Sleeping          |       |       |       |     2 |     1 ||     3
         Distracted        |       |       |       |       |     1 ||     1
 Armour: Robe              |    18 |    23 |    67 |   183 |   357 ||   648
  Dodge: Dodged            |    16 |    11 |    36 |   100 |   110 ||   273

Table legend: (Time is in decaauts)
 A = Elapsed time spent in this place.
 B = Non-inter-level travel time spent in this place.
 C = Inter-level travel time spent in this place.
 D = Time resting spent in this place.
 E = Time spent auto-exploring this place.
 F = Levels seen in this place.
 G = Mean time per level.
                   A        B        C        D        E       F      G
               +--------+--------+--------+--------+--------+-----+--------+
         Total |  28978 |  28028 |    950 |    685 |  23827 |  16 | 1811.1 |
       Dungeon |  15501 |  15097 |    404 |    162 |  12969 |  11 | 1409.2 |
          Lair |  13477 |  12931 |    546 |    523 |  10857 |   5 | 2695.4 |
               +--------+--------+--------+--------+--------+-----+--------+

Top non-repeatable levels by time:
  Lair:2: 3425 daAuts
  Lair:4: 3391 daAuts
  Lair:3: 2970 daAuts
  Lair:1: 2707 daAuts
     D:5: 2136 daAuts
    D:10: 2069 daAuts
     D:7: 1928 daAuts
     D:9: 1855 daAuts
     D:1: 1753 daAuts
     D:8: 1535 daAuts
     D:6: 1236 daAuts
     D:4: 1147 daAuts
     D:3: 984 daAuts
  Lair:5: 982 daAuts
     D:2: 851 daAuts
